 Dungeon Crawl Stone Soup version 0.21-a0-380-gd65dc97 (webtiles) character file.

5282 CanOfBees the Geomancer (level 10, -18/50 HPs)
             Began as a Gargoyle Earth Elementalist on Oct 17, 2017.
             Was a Believer of Vehumet.
             Shot with an arrow by a centaur warrior (19 damage)
             ... on level 9 of the Dungeon.
             The game lasted 00:35:07 (15114 turns).

CanOfBees the Geomancer (GrEE)                     Turns: 15114, Time: 00:35:08

Health: -18/50     AC: 13    Str: 13    XL:     10   Next: 63%
Magic:  13/22      EV: 12    Int: 18    God:    Vehumet [**....]
Gold:   479        SH:  0    Dex: 12    Spells: 5/26 levels left

rFire    + + .     SeeInvis .   M - staff of fire
rCold    . . .     Gourm    .   (no shield)
rNeg     + . .     Faith    .   c - +0 robe
rPois    ∞         Spirit   .   f - +2 helmet (curse)
rElec    +         Reflect  .   D - +0 cloak
rCorr    .         Harm     .   s - +0 pair of gloves
MR       .....                  F - -2 pair of boots (curse)
Stlth    +++.......             (no amulet)
HPRegen  0.16/turn              k - ring of flight
MPRegen  0.18/turn              x - ring of stealth

@: no status effects
A: agile 1, fire resistance 1, negative energy resistance 1, electricity
resistance, unbreathing, petrification resistance, rot immunity, AC +7
a: Renounce Religion, Evoke Flight


You were on level 9 of the Dungeon.
You worshipped Vehumet.
Vehumet was pleased with you.
You were not hungry.

You visited 2 branches of the dungeon, and saw 10 of its levels.

You collected 622 gold pieces.
You spent 143 gold pieces at shops.

Inventory:

Hand Weapons
 r - a +3 war axe of freezing
 G - a +1 dagger of flaming
Missiles
 b - 28 stones
 g - 106 sling bullets
 p - 9 tomahawks
 q - 3 large rocks
 y - 8 javelins (quivered)
Armour
 c - a +0 robe (worn)
 f - a cursed +2 helmet (worn)
 s - a +0 pair of gloves (worn)
 D - a +0 cloak (worn)
 F - a cursed -2 pair of boots (worn)
Magical Staves
 t - an uncursed staff of wizardry
 M - an uncursed staff of fire (weapon)
Jewellery
 k - a ring of flight (left hand)
 x - a ring of stealth (right hand)
Wands
 w - a wand of polymorph (17/24)
 K - a wand of confusion (27/48)
 L - a wand of scattershot (0/9)
Scrolls
 i - 3 scrolls of noise
 j - 3 scrolls of teleportation
 l - 2 scrolls of identify
 n - 3 scrolls of enchant armour
 A - a scroll of magic mapping
Potions
 a - a potion of berserk rage {unknown}
 h - 2 potions of brilliance
 m - a potion of agility {unknown}
 o - 4 potions of heal wounds {unknown}
 u - 4 potions of curing
 z - a potion of haste {unknown}
 B - a potion of magic {unknown}
 E - a potion of might {unknown}
Books
 e - a book of Geomancy

   Spells                             Type                      Level
   a - Sandblast                      Earth                        1
   b - Passwall                       Transmutation/Earth          2
   c - Stone Arrow                    Conjuration/Earth            3
   d - Petrify                        Transmutation/Earth          4
   e - Lee's Rapid Deconstruction     Earth                        5
 C - a book of Minor Magic

   Spells                             Type                      Level
   a - Magic Dart                     Conjuration                  1
   b - Blink                          Translocation                2
   c - Call Imp                       Summoning                    2
   d - Slow                           Hexes                        2
   e - Conjure Flame                  Conjuration/Fire             3
   f - Mephitic Cloud                 Conjuration/Poison/Air       3
 H - a book of Misfortune

   Spells                             Type                      Level
   a - Confusing Touch                Hexes                        1
   b - Confuse                        Hexes                        3
   c - Gell's Gravitas                Translocation                3
   d - Petrify                        Transmutation/Earth          4
   e - Metabolic Englaciation         Hexes/Ice                    5
   f - Yara's Violent Unravelling     Hexes/Transmutation          5
Comestibles
 d - 8 bread rations
 v - 4 meat rations
 I - a chunk of flesh
 J - 4 fruits


   Skills:
 - Level 1.5 Dodging
 - Level 2.1 Stealth
 * Level 8.8 Spellcasting
 + Level 6.5 Conjurations
 - Level 5.0 Transmutations
 + Level 5.0 Fire Magic
 + Level 9.3 Earth Magic


You had 5 spell levels left.
You knew the following spells:

 Your Spells              Type           Power        Failure   Level  Hunger
a - Sandblast             Erth           #####.       1%          1    None
b - Stone Arrow           Conj/Erth      #####.       1%          3    None
c - Lee's Rapid Deconstr  Erth           #####.....   5%          5    #####..
d - Passwall              Tmut/Erth      ####......   1%          2    None
e - Conjure Flame         Conj/Fire      #####...     2%          3    None
f - Flame Tongue          Conj/Fire      #####        1%          1    None
g - Petrify               Tmut/Erth      ####....     4%          4    ###....
h - Throw Flame           Conj/Fire      #####.       1%          2    None


Dungeon Overview and Level Annotations

Branches:
Dungeon (9/15)             Temple (1/1) D:5
   Lair: D:8-11         Orc: D:9-12

Altars:
Ashenzari
Cheibriados
Dithmenos
Elyvilon
Fedhas
Gozag
Nemelex Xobeh
Okawaru
Qazlal
Ru
Sif Muna
Trog
Uskayaw
Vehumet
Wu Jian
Xom
Yredelemnul
Zin
The Shining One

Shops:
D:4 !


Innate Abilities, Weirdness & Mutations

You are resistant to torment.
Your stone body is resilient. (AC +7)
You are immune to poison.
You resist negative energy. (rN+)
You are resistant to electric shocks. (rElec)
You can survive without breathing.
You are immune to petrification.
You are immune to rotting.
You are agile. (Dex +2)
Your flesh is heat resistant. (rF+)


Message History

Casting: Throw Flame
Confirm with . or Enter, or press ? or * to list all spells.
Aiming: Throw Flame
Press: ? - help, Shift-Dir - straight line, f/p - centaur warrior
Aim: a centaur warrior, wielding a longbow (moderately wounded)
You feel a surge of power!
The puff of flame hits the centaur warrior.
The centaur warrior is heavily wounded.
The centaur warrior shoots an arrow.
The arrow hits you!
* * * LOW HITPOINT WARNING * * *
Casting: Throw Flame
Confirm with . or Enter, or press ? or * to list all spells.
Aiming: Throw Flame
Press: ? - help, Shift-Dir - straight line, f/p - centaur warrior
Aim: a centaur warrior, wielding a longbow (heavily wounded)
You feel a surge of power!
The puff of flame hits the centaur warrior.
The centaur warrior is severely wounded.
The centaur warrior shoots an arrow.
The arrow hits you!!
You die...

###....####.###
#......O......
........###.#
#.######.#.#.#
####...†..O.# #.# #.....#
###.###### #.# ###.### #.#
#.# #.# #.# #.# #.# #.#
#.# #.# #.# ##########.#
#O# ..# #..(c.@..((# #.#
#......########.########.#
.###. #................
....###Y####.#######.
###.......)...#
#........#####
#.###.....########
#...[Y........
......##..######


You could see a centaur warrior.

Vanquished Creatures
  A centaur warrior (D:8)
  An ugly thing (D:7)
  A troll (D:9)
  2 hippogriffs
  A wyvern (D:9)
  A yak (D:9)
  A water moccasin (D:5)
  Duvessa (D:7)
  A black bear (D:7)
  A sky beast (D:8)
  An orc warrior (D:7)
  2 phantoms (D:8)
  3 ice beasts
  3 ogres
  2 centaurs
  2 bullfrogs
  A wyvern zombie (D:7)
  5 scorpions
  Dowan (D:7)
  A killer bee (D:8)
  8 wights (D:7)
  5 crimson imps
  A centaur zombie (D:5)
  3 hounds
  A bullfrog zombie (D:5)
  A jelly (D:5)
  2 orc priests
  A centaur skeleton (D:7)
  2 bullfrog skeletons (D:7)
  3 iguanas
  A gnoll shaman (D:5)
  6 orc wizards
  5 worker ants
  2 worker ant zombies
  11 adders
  7 gnolls
  A shadow imp (D:5)
  An adder skeleton (D:9)
  4 worms
  3 dart slugs
  5 leopard geckos
  16 orcs
  3 ball pythons
  4 giant cockroaches
  5 goblins
  6 hobgoblins
  A jackal (D:9)
  3 quokkas
  4 bats
  7 frilled lizards
  7 kobolds
  2 quokka skeletons
  5 rats
168 creatures vanquished.

Vanquished Creatures (others)
  9 plants (D:8)
9 creatures vanquished.

Grand Total: 177 creatures vanquished

Notes
Turn   | Place    | Note
-------+----------+-------------------------------------------
     0 | D:1      | CanOfBees the Gargoyle Earth Elementalist began the quest for the Orb.
     0 | D:1      | Reached XP level 1. HP: 10/10 MP: 3/3
   641 | D:1      | Reached XP level 2. HP: 10/15 MP: 5/5
  1388 | D:1      | Reached skill level 4 in Earth Magic
  1929 | D:2      | Reached XP level 3. HP: 11/19 MP: 4/7
  1961 | D:2      | Learned a level 3 spell: Stone Arrow
  2349 | D:2      | Found a faded altar of an unknown god.
  2998 | D:2      | Found a shadowy altar of Dithmenos.
  3428 | D:2      | Found a deep blue altar of Sif Muna.
  3610 | D:3      | Reached skill level 1 in Conjurations
  3610 | D:3      | Reached XP level 4. HP: 24/24 MP: 5/9
  4178 | D:3      | Found an opulent altar of Gozag.
  4346 | D:2      | Reached XP level 5. HP: 28/28 MP: 5/10
  5158 | D:3      | Learned a level 5 spell: Lee's Rapid Deconstruction
  5161 | D:3      | Learned a level 2 spell: Passwall
  5437 | D:4      | Found an iron altar of Okawaru.
  5496 | D:4      | Got a crude dagger
  5508 | D:4      | Identified the cursed +1 dagger "Ucadao Lecwo" {antimagic, rElec Int-4 SInv} (You found it on level 4 of the Dungeon)
  5703 | D:4      | Reached skill level 1 in Transmutations
  5806 | D:4      | Found Axzuger's Distillery.
  5812 | D:4      | Bought a potion of mutation for 104 gold pieces
  5812 | D:4      | Bought a potion of curing for 39 gold pieces
  5814 | D:4      | Gained mutation: You are agile. (Dex +2) [potion of mutation]
  5814 | D:4      | Gained mutation: Your flesh is heat resistant. (rF+) [potion of mutation]
  6000 | D:4      | Noticed a hand axe
  6003 | D:4      | Noticed a hand axe
  6006 | D:4      | Found a hide-covered altar of Uskayaw.
  6070 | D:5      | Entered Level 5 of the Dungeon
  6089 | D:4      | Reached skill level 5 in Earth Magic
  6089 | D:4      | Reached XP level 6. HP: 5/32 MP: 7/12
  6378 | D:5      | Found a staircase to the Ecumenical Temple.
  6471 | Temple   | Entered the Ecumenical Temple
  6492 | Temple   | Became a worshipper of Vehumet
  6589 | D:5      | Noticed an ice beast
  6810 | D:5      | Noticed a water moccasin
  6816 | D:5      | Killed a water moccasin
  6816 | D:5      | Reached XP level 7. HP: 36/36 MP: 6/13
  6841 | D:5      | Learned a level 3 spell: Conjure Flame
  7085 | D:5      | Reached skill level 6 in Earth Magic
  7777 | D:6      | Found a shattered altar of Ashenzari.
  7906 | D:6      | Reached skill level 5 in Spellcasting
  7906 | D:6      | Reached XP level 8. HP: 36/41 MP: 10/15
  8401 | D:6      | Found a sparkling altar of Nemelex Xobeh.
  8540 | D:6      | You fall through a shaft!
  8797 | D:7      | Reached * piety under Vehumet
  8797 | D:7      | Offered knowledge of Flame Tongue by Vehumet.
  8800 | D:7      | Learned a level 1 spell: Flame Tongue
  8835 | D:7      | Found a stormy altar of Qazlal.
  8870 | D:7      | Noticed Duvessa
  9121 | D:6      | Learned a level 5 spell: Lee's Rapid Deconstruction
  9166 | D:7      | Reached skill level 5 in Transmutations
  9257 | D:7      | Reached skill level 7 in Earth Magic
  9420 | D:7      | Reached skill level 1 in Fire Magic
  9839 | D:7      | Noticed Dowan
  9864 | D:7      | Killed Dowan
 10172 | D:7      | Found a shimmering altar of Xom.
 10174 | D:7      | Found a glowing golden altar of the Shining One.
 10244 | D:7      | Killed Duvessa
 10244 | D:7      | Reached XP level 9. HP: 45/45 MP: 5/18
 10849 | D:6      | Learned a level 4 spell: Petrify
 11977 | D:8      | Noticed a purple ugly thing
 12010 | D:7      | Killed a purple ugly thing
 12010 | D:7      | Reached skill level 5 in Conjurations
 12010 | D:7      | Reached skill level 8 in Earth Magic
 12482 | D:8      | Reached XP level 10. HP: 35/50 MP: 21/21
 12690 | D:8      | Found a sacrificial altar of Ru.
 12691 | D:8      | Found a bloodstained altar of Trog.
 12731 | D:8      | Found a blossoming altar of Fedhas.
 12815 | D:8      | Reached ** piety under Vehumet
 12861 | D:8      | Offered knowledge of Throw Flame by Vehumet.
 12865 | D:8      | Learned a level 2 spell: Throw Flame
 13831 | D:9      | Noticed a two-headed ogre
 14187 | D:9      | Reached skill level 9 in Earth Magic
 14412 | D:9      | Noticed a centaur warrior
 14526 | D:9      | Noticed a centaur warrior
 14967 | D:8      | Killed a centaur warrior
 14967 | D:8      | Reached skill level 5 in Fire Magic
 15113 | D:9      | HP: 1/50 [centaur warrior/arrow (16)]
 15114 | D:9      | Shot with an arrow by a centaur warrior

Vault maps used:
D:1:      nzn_arrival_settlement
D:2:      grunt_dithmenos_smoke, led_sif_pool, chequers_ecumenical_altar_lobes
D:3:      grunt_gozag_breadcrumbs, minmay_strange_pillars,
          kennysheep_generic_room_15
D:4:      lemuel_crystal_altar, dancing_weapons_uskayaw, serial_shops, shop,
          minivault_19, kennysheep_generic_room_9
D:5:      temple_pool_b, first_bread
D:6:      lemuel_doored_altar, nemelex_altar_shiori, st_stairs_5
D:7:      minitemple, grunt_ogre_cave, kennysheep_generic_room_11,
          uniq_crazy_yiuf_cottage, uniq_duvessa
D:8:      hangedman_cross_stitches, grunt_temple_overflow_open,
          hangedman_decor_opposing, hex_large, fedhas_altar_decomposition
D:9:      kennysheep_mini_moat, mrwooster_statue_mirror, minmay_pinched_square
Temple:   compressed_dpeg_triangle_lava_temple

Skill      XL: |  1  2  3  4  5  6  7  8  9 10 |
---------------+-------------------------------+-----
Earth Magic    | 4 5 6 7 8 9 |  9.3
Spellcasting   | 3 4 5 6 7 8 |  8.8
Conjurations   | 1 2 3 5 6 |  6.5
Transmutations | 1 2 4 5 |  5.0
Fire Magic     | 1 3 5 |  5.0
Dodging        | |  1.5
Stealth        | |  2.1

Action                   |  1- 3 |  4- 6 |  7- 9 | 10-12 || total
-------------------------+-------+-------+-------+-------++-------
Melee: Club              |   112 |       |       |       ||   112
       Unarmed           |     5 |       |       |       ||     5
       War axe           |       |    87 |       |       ||    87
       Staff             |       |       |    43 |     1 ||    44
Throw: Javelin           |       |     4 |       |       ||     4
 Cast: Sandblast         |    19 |    28 |   109 |    52 ||   208
       Stone Arrow       |     4 |    10 |    30 |    10 ||    54
       Lee's Rapid Decon |       |       |    24 |     7 ||    31
       Flame Tongue      |       |       |    14 |     6 ||    20
       Conjure Flame     |       |       |     1 |       ||     1
       Passwall          |       |       |     1 |       ||     1
       Petrify           |       |       |     1 |     4 ||     5
       Throw Flame       |       |       |       |    20 ||    20
Evoke: Wand              |       |       |     4 |     2 ||     6
  Use: Scroll            |       |     4 |    13 |     3 ||    20
       Potion            |       |     1 |       |       ||     1
 Stab: Sleeping          |     4 |     1 |       |       ||     5
  Eat: Chunk             |     8 |     8 |    17 |     6 ||    39
       Royal jelly       |       |     2 |     1 |       ||     3
       Bread ration      |       |     1 |       |       ||     1
       Fruit             |       |       |     3 |       ||     3
       Meat ration       |       |       |     1 |     1 ||     2
Armor: Robe              |    35 |    38 |    51 |    14 ||   138
Dodge: Dodged            |    75 |   104 |    69 |    17 ||   265

Table legend:
 A = Spawn XP
 B = Non-spawn XP
 C = Spawn XP percentage of total XP
 D = Spawn monster count
 E = Non-spawn monster count
 F = Spawn count percentage of total count
 G = Total turns spent on level
                    A         B        C        D         E        F      G
               +---------+---------+-------+---------+---------+-------+---------
         Total |       0 |    7546 |   0.0 |       0 |     168 |   0.0 | 15114
               +---------+---------+-------+---------+---------+-------+---------
           D:1 |       0 |      27 |   0.0 |       0 |      15 |   0.0 |  2109
           D:2 |       0 |      83 |   0.0 |       0 |      21 |   0.0 |  1675
           D:3 |       0 |     102 |   0.0 |       0 |      20 |   0.0 |  1644
           D:4 |       0 |     200 |   0.0 |       0 |       9 |   0.0 |   939
           D:5 |       0 |     728 |   0.0 |       0 |      21 |   0.0 |  1320
           D:6 |       0 |     370 |   0.0 |       0 |      11 |   0.0 |  1285
           D:7 |       0 |    2370 |   0.0 |       0 |      32 |   0.0 |  3081
           D:8 |       0 |    2231 |   0.0 |       0 |      22 |   0.0 |  2265
           D:9 |       0 |    1435 |   0.0 |       0 |      17 |   0.0 |   756
               +---------+---------+-------+---------+---------+-------+---------
